Map: Incorporeal LE

Players

ManlyManMeat - Winner!

  • Race: Zerg Zerg
  • League: Diamond
  • Spawn Location: 11:00

iRlvm

  • Race: Zerg Zerg
  • League: Diamond
  • Spawn Location: 5:00

VOD

Have the link to the VOD?

Description

Time

  • Played on: July 1, 2025, 10:56 a.m.
  • Length: 8:17
Show
View Real Time Build Order
Export as new Build Order

ManlyManMeat Zerg - Winner!

Build Orders: Hatch First 

Get SALT Encoding   

  12  0:00  Drone  
  13  0:10  Drone  
  14  0:14  Extractor  
  14  0:16  Drone  
  15  0:22  Overlord  
  15  0:41  Drone  
  16  0:47  Hatchery  
  15  0:51  Drone  
  15  0:55  Drone  
  17  0:59  Drone  
  18  1:09  Extractor  
  17  1:15  Spawning Pool  
  16  1:18  Drone  
  16  1:22  Drone  
  18  1:26  Drone  
  19  1:37  Drone  
  20  2:01  Queen x2  
  20  2:02  Zergling x4  
  20  2:07  Overlord  
  26  2:14  Metabolic Boost  
  26  2:28  Drone x4  
  30  2:34  Baneling Nest  
  29  2:42  Drone x2  
  31  2:58  Drone x3  
  33  2:59  Overlord  
  33  3:05  Drone  
  35  3:06  Evolution Chamber  
  34  3:22  Drone x2  
  34  3:26  Drone x3, Extractor  
  38  3:31  Zergling x4  
  40  3:35  Hatchery  
  40  3:40  Zerg Melee Weapons Level 1  
  39  3:48  Drone x3  
  41  3:55  Zergling x2  
  41  3:56  Zergling x2, Overlord  
  41  4:02  Baneling x3  
  43  4:09  Baneling x4  
  43  4:19  Zergling x14  
  43  4:20  Zergling x2  
  51  4:26  Overlord x2  
  51  4:43  Overlord  
  51  4:44  Overlord  
  51  4:49  Zergling x14  
  46  5:07  Zergling x14  
  49  5:28  Zergling x14  
  49  5:29  Zergling x2  
  49  5:34  Zerg Ground Armor Level 1  
  54  5:39  Zergling x4  
  51  5:46  Zergling x2  
  51  5:47  Zergling x4  
  52  5:51  Queen  
  50  6:04  Zergling x14  
  56  6:11  Baneling x2  
  56  6:14  Zergling x6  
  59  6:20  Baneling x2  
  59  6:21  Baneling x4  
  59  6:22  Baneling x8  
  59  6:23  Zergling x12  
  65  6:26  Queen  
  60  6:50  Zergling x2  
  60  6:51  Zergling x18  
  68  6:59  Zergling x4  
  67  7:08  Baneling  
  65  7:09  Baneling  
  65  7:10  Baneling  
  65  7:11  Baneling  
  65  7:12  Baneling x2  
  65  7:13  Baneling  
  65  7:16  Baneling x2  
  65  7:18  Baneling x2  
  65  7:19  Zergling x2, Baneling  
  65  7:20  Zergling x20  
  76  7:37  Zergling x12  
  80  7:44  Overlord x4  
Show
View Real Time Build Order
Export as new Build Order

iRlvm Zerg 

Build Orders: Hatch First, Zergling Baneling 

Get SALT Encoding   

  12  0:00  Drone  
  13  0:07  Drone  
  14  0:14  Extractor  
  14  0:15  Drone  
  15  0:35  Hatchery  
  14  0:39  Extractor  
  14  0:40  Drone  
  15  0:46  Overlord  
  15  1:02  Spawning Pool  
  14  1:05  Drone  
  14  1:08  Drone  
  16  1:12  Drone  
  16  1:16  Drone  
  18  1:26  Extractor  
  18  1:27  Drone  
  18  1:38  Drone  
  19  1:48  Queen x2  
  19  1:50  Zergling x2  
  24  1:54  Drone  
  24  1:59  Overlord  
  25  2:24  Queen x2  
  29  2:34  Metabolic Boost  
  29  2:44  Evolution Chamber  
  29  2:45  Drone  
  28  2:59  Baneling Nest  
  28  3:00  Overlord  
  27  3:13  Drone x3  
  27  3:15  Zergling x6  
  33  3:23  Drone x2  
  35  3:39  Roach Warren  
  34  3:43  Baneling x4  
  34  3:44  Baneling  
  34  3:45  Zergling x10  
  39  4:04  Baneling  
  39  4:06  Baneling  
  39  4:07  Baneling  
  39  4:14  Hatchery  
  38  4:26  Drone x6  
  38  4:28  Overlord  
  38  4:29  Overlord  
  44  4:43  Lair  
  44  4:49  Zergling x8  
  46  5:16  Drone x8  
  46  5:17  Extractor x2  
  50  5:23  Zergling x4  
  50  5:24  Zergling x4  
  42  5:46  Drone  
  42  5:47  Drone x3  
  45  5:56  Queen  
  46  6:02  Drone x3  
  46  6:03  Drone  
  50  6:04  Overlord x3  
  48  6:12  Zergling x2  
  48  6:13  Zergling x4  
  48  6:16  Zergling x6  
  53  6:35  Roach x8  
  63  6:42  Evolution Chamber  
  58  6:53  Roach Warren  
  47  7:07  Queen  
  48  7:08  Extractor  
  48  7:13  Drone x3  
  48  7:14  Drone x2  
  48  7:15  Drone x2  
  53  7:16  Drone x3  
  53  7:17  Queen  
  53  7:22  Drone x2  
  61  7:31  Evolution Chamber  
  61  7:35  Evolution Chamber  
  59  7:41  Roach x5  
Tags
 
Add a new tag
Caveats
  • Supply blocks, unpowered buildings, or Contaminate may cause inaccurate times.
  • Supply counts are checked every 10 seconds.